 Dungeon Crawl Stone Soup version 0.26-a0-662-g8b9c6dab81 (webtiles) character file.

Game seed: 2396051406826470723

144 IdlyInterested the Ducker (level 5, 0/38 HPs)
             Began as a Formicid Artificer on Oct 9, 2020.
             Succumbed to an adder's poison
             ... in a sewer.
             The game lasted 00:08:24 (2831 turns).

IdlyInterested the Ducker (Formicid Artificer)      Turns: 2831, Time: 00:08:25

Health: 0/38       AC:  6    Str: 13 (16) XL:     5   Next: 51%
Magic:  6/6        EV: 11    Int: 11 (12) God:
Gold:   118        SH:  4    Dex: 10 (11) Spells: 6/6 levels left

rFire    + . .     SeeInvis +   l - +0 whip
rCold    . . .     Faith    .   n - +0 buckler
rNeg     . . .     Spirit   .   g - +0 ring mail
rPois    .         Reflect  .   (helmet unavailable)
rElec    .         Harm     .   (no cloak)
rCorr    .         Rampage  .   (no gloves)
MR       .....                  j - +0 pair of boots
Stlth    +.........             (no amulet)
HPRegen  0.12/turn              q - ring of protection from fire
MPRegen  0.10/turn              (no ring)

@: lethally poisoned (0 -> -3)
A: permanent stasis, dig shafts and tunnels, four strong arms, antennae 3
a: Dig, Shaft Self


You were in a sewer.
You visited 1 branch of the dungeon, and saw 3 of its levels.
You also visited: Sewer.

You collected 118 gold pieces.

Inventory:

Hand Weapons
 a - a +0 club
 l - a +0 whip (weapon)
 o - a +0 flail
Missiles
 f - 66 stones (quivered)
 r - 3 poisoned darts
Armour
 b - a +0 leather armour
 g - a +0 ring mail (worn)
 h - a +0 robe
 j - a +0 pair of boots (worn)
 n - a +0 buckler (worn)
Jewellery
 q - a ring of protection from fire (left hand)
Wands
 c - a wand of flame (5)
 d - a wand of enslavement (13)
 e - a wand of random effects (14)
Scrolls
 k - 3 scrolls of remove curse
 m - 5 scrolls of identify
 s - a scroll of teleportation {unknown}
 u - a scroll of blinking {unknown}
Potions
 i - a potion of stabbing
 p - a potion of haste


   Skills:
 - Level 2.0 Fighting
 * Level 1.0 Throwing
 - Level 2.1 Armour
 * Level 3.3 Dodging
 - Level 1.2 Stealth
 * Level 2.2 Shields
 - Level 1.0 Spellcasting
 - Level 3.2 Evocations


You had 6 spell levels left.
You didn't know any spells.
Your spell library was empty.

Dungeon Overview and Level Annotations

Branches:
Dungeon (3/15)              Sewer (1/1)

Altars:
Hepliaklqana


Innate Abilities, Weirdness & Mutations

You cannot be hasted, slowed, berserked, paralysed or teleported.
You can dig through walls and to a lower floor.
Your four strong arms can wield two-handed weapons with a shield.
You have a pair of large antennae on your head. (SInv)


Message History

You feel sick.
You open the door.
* * * LOW HITPOINT WARNING * * *
You feel sick.
* * * LOW HITPOINT WARNING * * *
You feel sick.
There is an open door here.
* * * LOW HITPOINT WARNING * * *
You feel sick.
* * * LOW HITPOINT WARNING * * *
You feel sick.
* * * LOW HITPOINT WARNING * * *
You feel sick.
* * * LOW HITPOINT WARNING * * *
You feel sick.
* * * LOW HITPOINT WARNING * * *
You feel sick.
* * * LOW HITPOINT WARNING * * *
You feel sick.
You die...

#############
#..'.≈≈≈.'..#
####.≈≈≈.####
####.≈≈≈.####
#..†.≈≈≈.'..#
####.≈≈≈.####
####.≈≈≈.####
#..'.≈≈≈.'..#
####.≈≈≈@####
####.≈≈≈.####
#..'..∩†...∩#
####.≈≈≈.####
####.≈≈≈.####
#..÷.≈≈≈.'..#
####.≈≈≈.####
####.≈≈≈.####
#..'.≈≈≈.'..#


There were no monsters in sight!

Vanquished Creatures
  Purgy (Sewer)
  An adder (Sewer)
  2 oozes (D:1)
  A worm (D:2)
  2 dart slugs
  A leopard gecko (D:1)
  A giant cockroach (D:3)
  3 goblins (D:1)
  6 hobgoblins
  9 kobolds
  3 bats
  4 frilled lizards
  5 rats
39 creatures vanquished.

Vanquished Creatures (collateral kills)
  3 rats (D:3)
3 creatures vanquished.

Vanquished Creatures (others)
  A rat (D:3)
1 creature vanquished.

Grand Total: 43 creatures vanquished

Notes
Turn   | Place    | Note
-------+----------+-------------------------------------------
     0 | D:1      | IdlyInterested the Formicid Artificer began the quest for
                  | the Orb.
     0 | D:1      | Reached XP level 1. HP: 15/15 MP: 1/1
    81 | D:1      | Reached skill level 1 in Dodging
   306 | D:1      | Reached XP level 2. HP: 9/21 MP: 2/2
   514 | D:1      | Reached skill level 1 in Throwing
   895 | D:1      | Reached XP level 3. HP: 23/26 MP: 4/4
   940 | D:1      | Reached skill level 1 in Spellcasting
  1788 | D:2      | Found a hazy altar of Hepliaklqana.
  2242 | D:2      | You fall into a shaft and drop 1 floor!
  2294 | D:3      | Found a glowing drain.
  2305 | D:3      | HP: 1/27 [rat (1)]
  2316 | D:3      | Reached XP level 4. HP: 4/33 MP: 5/5
  2317 | D:3      | Reached skill level 1 in Shields
  2328 | Sewer    | Entered a sewer
  2688 | Sewer    | Noticed Purgy
  2697 | Sewer    | Killed Purgy
  2697 | Sewer    | Reached XP level 5. HP: 29/38 MP: 6/6
  2829 | Sewer    | HP: 1/38 [poisoned by an adder]
  2831 | Sewer    | Succumbed to an adder's poison

Illustrated notes

Levels and vault maps discovered:
D:1:      dpeg_arrival_short_road, layout_basic, minmay_pentomino_u4
D:2:      layout_basic, old_standard_altar
D:3:      layout_basic, nicolae_overflow_hidden_temple, portal_sewer_entry_c,
          chequers_ecumenical_altar_lobes,
          nicolae_dithmenos_through_a_glass_darkly, uniq_jessica, uniq_grinder,
          uniq_crazy_yiuf_cottage
Sewer:    kennysheep_door_sewer

Skill      XL: |  1  2  3  4 |
---------------+-------------+-----
Dodging        | 1 2 3 |  3.3
Throwing       | 1 |  1.0
Spellcasting   | 1 |  1.0
Shields        | 2 |  2.2
Fighting       | 2 |  2.0
Armour         | |  2.1
Stealth        | |  1.2
Evocations     | |  3.2

Action                   |  1- 3 |  4- 6 || total
-------------------------+-------+-------++-------
Melee: Club              |    64 |       ||    64
       Whip              |    72 |    33 ||   105
Throw: Stone             |    51 |       ||    51
Evoke: Wand              |     2 |    11 ||    13
  Use: Scroll            |     5 |       ||     5
       Potion            |     3 |     1 ||     4
Armor: Leather armour    |     5 |       ||     5
       Ring mail         |    37 |    21 ||    58
Dodge: Dodged            |    75 |    31 ||   106
Block: Buckler           |    12 |     8 ||    20

Table legend: (Time is in decaauts)
 A = Elapsed time spent in this place.
 B = Non-inter-level travel time spent in this place.
 C = Inter-level travel time spent in this place.
 D = Time resting spent in this place.
 E = Time spent auto-exploring this place.
 F = Levels seen in this place.
 G = Mean time per level.
                   A        B        C        D        E       F      G
               +--------+--------+--------+--------+--------+-----+--------+
         Total |   2865 |   2767 |     98 |    945 |   1228 |   4 |  716.2 |
       Dungeon |   2359 |   2261 |     98 |    698 |   1123 |   3 |  786.3 |
         Sewer |    506 |    506 |      0 |    247 |    105 |   1 |  506.0 |
               +--------+--------+--------+--------+--------+-----+--------+

Top non-repeatable levels by time:
     D:1: 1620 daAuts
     D:2: 648 daAuts
   Sewer: 506 daAuts
     D:3: 90 daAuts
